 Dungeon Crawl Stone Soup version 0.28.0-1-gb440e238dd (webtiles) character file.

Game seed: 3020611009351617672

16 fknight the Skirmisher (level 2, 0/27 HPs)
             Began as a Hill Orc Fighter on Feb 27, 2022.
             Slain by Terence (9 damage)
             ... on level 2 of the Dungeon.
             The game lasted 00:01:34 (870 turns).

fknight the Skirmisher (Hill Orc Fighter)            Turns: 870, Time: 00:01:35

Health: 0/27       AC:  6    Str: 18    XL:     2   Next: 58%
Magic:  2/2        EV: 13    Int: 14    God:
Gold:   72         SH:  4    Dex: 10    Spells: 1/1 levels left

rFire   . . .      SeeInvis .   a - +0 war axe
rCold   . . .      Faith    .   c - +0 buckler
rNeg    . . .      Spirit   .   b - +0 scale mail
rPois   .          Reflect  .   (no helmet)
rElec   .          Harm     .   (no cloak)
rCorr   .          Rampage  .   (no gloves)
Will    .....                   (no boots)
Stlth   ..........              (no amulet)
HPRegen 0.09/turn               i - +4 ring of evasion
MPRegen 0.08/turn               j - +6 ring of intelligence

@: no status effects
A: no striking features
a: no special abilities


You were on level 2 of the Dungeon.
You visited 1 branch of the dungeon, and saw 2 of its levels.

You collected 72 gold pieces.

Inventory:

Hand Weapons
 a - a +0 war axe (weapon)
Missiles
 e - 10 stones (quivered)
Armour
 b - a +0 scale mail (worn)
 c - a +0 buckler (worn)
Jewellery
 i - a +4 ring of evasion (left hand)
 j - a +6 ring of intelligence (right hand)
Scrolls
 f - a scroll of identify {unknown}
 h - a scroll of magic mapping {unknown}
Potions
 d - 2 potions of might
 g - a potion of resistance {unknown}


   Skills:
 + Level 3.9 Fighting
 + Level 3.1 Axes
 + Level 3.5 Armour
 + Level 3.5 Shields


You had one spell level left.
You didn't know any spells.
Your spell library was empty.

Dungeon Overview and Level Annotations

Branches:
Dungeon (2/15)

Altars:

Annotations:
D:2 Terence


Message History

The ball python barely misses you. The ball python misses you.
You slash the ball python!
You kill the ball python!
You now have 72 gold pieces (gained 10).
As you open the door, it creaks loudly!
An endoplasm comes into view.
The endoplasm quivers.
You hear a shout!
A rat comes into view.
Found a puce potion.
You slash the endoplasm!
You kill the endoplasm!
You closely miss the rat. You block the rat's attack.
The rat barely misses you.
You hit the rat but do no damage. The rat barely misses you.
Terence the Incautious comes into view.
He is wielding a +0 vorpal falchion and wearing a +2 chain mail of cold resistance.
You hit the rat.
You kill the rat!
There is an open door here.
You see here a rat corpse.
Terence barely misses you.
You hit Terence.
Terence is lightly wounded.
Terence closely misses you.
You hit Terence.
Terence is heavily wounded.
Terence hits you with a +0 vorpal falchion.
Terence misses you.
You barely miss Terence.
Terence is heavily wounded.
Terence hits you with a +0 vorpal falchion.
You hit Terence but do no damage.
Terence is heavily wounded.
A rat comes into view.
Terence hits you with a +0 vorpal falchion.
You block Terence's attack.
You barely miss Terence.
Terence is moderately wounded.
Terence hits you with a +0 vorpal falchion!
You die...

#...........#
#.######.##.# #+ #.#
#...<.#.#
#.#####.###.#.###.# ##
#.....#.........#.#
.r.#.....######..#.#.#
#........+.........#.#
#..!..#####..####.#
#..@@.†...........#
##....#############
..........
#####.#..... #.#.##.##
#.... .# ##### #


You could see Terence and a rat.

Vanquished Creatures
  An endoplasm (D:2)
  2 giant cockroaches (D:1)
  A goblin (D:1)
  3 hobgoblins (D:1)
  A quokka (D:1)
  2 ball pythons
  A bat (D:1)
  4 rats
15 creatures vanquished.

Notes
Turn   | Place    | Note
-------+----------+-------------------------------------------
     0 | D:1      | fknight the Hill Orc Fighter began the quest for the Orb.
     0 | D:1      | Reached XP level 1. HP: 19/19 MP: 1/1
   398 | D:1      | Reached XP level 2. HP: 27/27 MP: 2/2
   408 | D:1      | Found a faded altar of an unknown god.
   861 | D:2      | Noticed Terence
   870 | D:2      | Slain by Terence

Illustrated notes

Levels and vault maps discovered:
D:1:      ebering_trefoil_3fold, layout_loops_ring,
          hellmonk_ecumenical_altar_crossroads
D:2:      layout_basic, uniq_terence

Skill      XL: |  1  2 |
---------------+-------+-----
Axes           | 3 |  3.1
Fighting       | |  3.9
Armour         | |  3.5
Shields        | |  3.5

Action                   || total
-------------------------++-------
Melee: War axe           ||    39
Throw: Stone             ||     9
Armor: Scale mail        ||    13
Dodge: Dodged            ||    14
Block: Buckler           ||     4
